 Dungeon Crawl Stone Soup version 0.26-a0-597-gb535b0901c (webtiles) character file.

Game seed: 4322591374720612052

55 Lanoc the Sneak (level 4, -1/31 HPs)
             Began as a Halfling Delver on Sept 5, 2020.
             Was a Follower of Uskayaw.
             Slain by Duvessa
             ... wielding a +0 rapier of venom
              (7 damage)
             ... on level 5 of the Dungeon.
             The game lasted 00:01:45 (686 turns).

Lanoc the Sneak (Halfling Delver)                    Turns: 686, Time: 00:01:45

Health: -1/31      AC:  3    Str: 11 (13) XL:     4   Next: 14%
Magic:  5/5        EV: 15    Int:  5 (8)  God:    Uskayaw [*.....]
Gold:   0          SH:  0    Dex: 14 (16) Spells: 3/3 levels left

rFire    . . .     SeeInvis .   a - +0 short sword
rCold    . . .     Faith    .   (shield restricted)
rNeg     . . .     Spirit   .   b - +0 leather armour
rPois    .         Reflect  .   (no helmet)
rElec    .         Harm     .   (no cloak)
rCorr    .                      (no gloves)
MR       .....                  (no boots)
Stlth    +++.......             (no amulet)
HPRegen  0.10/turn              (no ring)
MPRegen  0.09/turn              (no ring)

@: lethally poisoned (-1 -> -15)
A: small, mutation resistance 1
a: Stomp, Renounce Religion


You were on level 5 of the Dungeon.
You worshipped Uskayaw.
Uskayaw was noncommittal.
You visited 1 branch of the dungeon, and saw 1 of its levels.

Inventory:

Hand Weapons
 a - a +0 short sword (weapon)
Missiles
 h - 43 stones (quivered)
Armour
 b - a +0 leather armour (worn)
Wands
 g - a wand of digging (3)
Scrolls
 c - a scroll of fog
 d - a scroll of magic mapping
 e - a scroll of fear
 j - a scroll of teleportation {unknown}
Potions
 f - a potion of haste
 k - a potion of lignification {unknown}


   Skills:
 + Level 3.1 Fighting
 - Level 2.4 Short Blades
 + Level 2.9 Dodging
 - Level 5.4 Stealth
 * Level 2.5 Invocations


You had 3 spell levels left.
You didn't know any spells.
Your spell library was empty.

Dungeon Overview and Level Annotations

Branches:
Dungeon (5/15)
 Temple: D:4-7

Altars:
Dithmenos
Fedhas
Gozag
Hepliaklqana
Kikubaaqudgha
Makhleb
Nemelex Xobeh
Okawaru
Qazlal
Uskayaw
Yredelemnul

Annotations:
D:5 Dowan, Duvessa, Menkaure


Innate Abilities, Weirdness & Mutations

You are small and have problems with some larger weapons.
You are somewhat resistant to further mutation.


Message History

You can no longer pass through a line of other dancers.
You barely miss Dowan.
Dowan is almost dead.
Duvessa hits you with a +0 rapier of venom!
You are lethally poisoned!
Dowan barely misses you.
A worker ant comes into view.
* * * LOW HITPOINT WARNING * * *
You feel sick.
The worker ant twitches its antennae in your direction.
Dowan misses you.
* * * LOW HITPOINT WARNING * * *
You feel sick.
It was a potion of degeneration.
There was something very wrong with that liquid.
You feel weakened.
You feel dopey.
You feel clumsy.
* * * LOW HITPOINT WARNING * * *
You feel sick.
Duvessa hits you with a +0 rapier of venom!
You die...

#.. ## #### #.#
..## # #.# ...
# #. #.# ... #.
##.a## #.##.#
......####....#
###
#.....e....#
#.......
...###e##.##
#.# ...##
#@##.# #.#
#.... #....##.#
#.##..##.
#######.#
#.#..# #. #.#
##...# #.
#.####...# ###.
#....>..# #...
##...##.## #.##
#....###..# #.#
....##.#
##a###.##


You could see Duvessa and Dowan.

Vanquished Creatures
  A bullfrog zombie (D:5)
  A worker ant (D:5)
  An adder (D:5)
  An ooze (D:5)
  A frilled lizard (D:5)
5 creatures vanquished.

Notes
Turn   | Place    | Note
-------+----------+-------------------------------------------
     0 | D:5      | Lanoc the Halfling Delver began the quest for the Orb.
     0 | D:5      | Reached XP level 1. HP: 15/15 MP: 1/1
     1 | D:5      | Found a basalt altar of Yredelemnul.
     2 | D:5      | Found an iron altar of Okawaru.
     3 | D:5      | Found a burning altar of Makhleb.
     3 | D:5      | Found a blossoming altar of Fedhas.
     5 | D:5      | Found a hide-covered altar of Uskayaw.
     6 | D:5      | Found an opulent altar of Gozag.
     7 | D:5      | Found a shadowy altar of Dithmenos.
    15 | D:5      | Became a worshipper of Uskayaw the Reveler
    51 | D:5      | Found a sparkling altar of Nemelex Xobeh.
    56 | D:5      | Reached * piety under Uskayaw
    58 | D:5      | Noticed an ogre
    68 | D:5      | Noticed a worker ant
   190 | D:5      | Reached skill level 1 in Invocations
   190 | D:5      | Reached XP level 2. HP: 15/20 MP: 1/3
   190 | D:5      | Reached XP level 3. HP: 19/25 MP: 1/4
   190 | D:5      | Reached ** piety under Uskayaw
   228 | D:5      | Noticed Menkaure
   281 | D:5      | Found a stormy altar of Qazlal.
   448 | D:5      | Reached XP level 4. HP: 9/31 MP: 5/5
   667 | D:5      | Noticed Dowan
   668 | D:5      | Noticed Duvessa
   686 | D:5      | Slain by Duvessa

Illustrated notes

Levels and vault maps discovered:
D:5:      layout_rooms, grunt_qazlal_clouds, minitemple,
          hangedman_decor_slide_cut, chequers_serial_rivers_room_b,
          nemelex_dance_club_becter, uniq_menkaure, uniq_duvessa,
          uniq_prince_ribbit1

Skill      XL: |  1  2  3 |
---------------+----------+-----
Invocations    | 1 2 |  2.5
Fighting       | 3 |  3.1
Short Blades   | |  2.4
Dodging        | |  2.9
Stealth        | |  5.4

Action                   |  1- 3 |  4- 6 || total
-------------------------+-------+-------++-------
Melee: Short sword       |    26 |    11 ||    37
  Use: Potion            |       |     1 ||     1
 Stab: Sleeping          |     1 |     1 ||     2
Armor: Leather armour    |     5 |       ||     5
Dodge: Dodged            |    15 |     8 ||    23

Table legend: (Time is in decaauts)
 A = Elapsed time spent in this place.
 B = Non-inter-level travel time spent in this place.
 C = Inter-level travel time spent in this place.
 D = Time resting spent in this place.
 E = Time spent auto-exploring this place.
 F = Levels seen in this place.
 G = Mean time per level.
                   A        B        C        D        E       F      G
               +--------+--------+--------+--------+--------+-----+--------+
         Total |    685 |    685 |      0 |    507 |      0 |   1 |  685.0 |
       Dungeon |    685 |    685 |      0 |    507 |      0 |   1 |  685.0 |
               +--------+--------+--------+--------+--------+-----+--------+

Top non-repeatable levels by time:
     D:5: 685 daAuts
